 Dungeon Crawl Stone Soup version 0.29.1-15-g9cfb28693d (webtiles) character file.

Game seed: 2114055369704375976

3748 12sPaWn12 the Summoner (level 9, -2/63 HPs)
             Began as a Pale Draconian Summoner on Mar 20, 2023.
             Was a Believer of Dithmenos.
             Slain by a hornet (13 damage)
             ... while paralysed by a hornet
             ... on level 8 of the Dungeon.
             The game lasted 00:46:22 (11486 turns).

12sPaWn12 the Summoner (Pale Draconian Summoner)   Turns: 11486, Time: 00:46:23

Health: -2/63      AC:  7    Str: 10    XL:     9   Next: 93%
Magic:  19/20      EV:  2    Int: 20    God:    Dithmenos [**....]
Gold:   311        SH:  0    Dex: 12    Spells: 14/23 levels left

rFire   . . .      SeeInvis .   (no weapon)
rCold   . . .      Faith    .   (no shield)
rNeg    . . .      Spirit   .   (body armour unavailable)
rPois   .          Reflect  .   (helmet restricted)
rElec   .          Harm     .   (no cloak)
rCorr   +          Rampage  .   (no gloves)
Will    .....                   (no boots)
Stlth   +++.......              (no amulet)
HPRegen 0.20/turn               e - +4 ring of evasion
MPRegen 0.17/turn               d - ring of resist corrosion

@: paralysed, lethally poisoned (-2 -> -21), slowed, wreathed by umbra
A: breathe steam, AC +7, unfitting armour, cold-blooded, steam resistance
a: Breathe Steam, Renounce Religion, Shadow Step


You were on level 8 of the Dungeon.
You worshipped Dithmenos.
Dithmenos was pleased with you.
You visited 2 branches of the dungeon, and saw 9 of its levels.
You also visited: Ossuary.

You collected 311 gold pieces.

Inventory:

Jewellery
 d - a ring of resist corrosion (right hand)
 e - a +4 ring of evasion (left hand)
 h - a +4 ring of evasion
 m - a ring of fire
Wands
 g - a wand of acid (8)
 w - a wand of iceblast (18)
Scrolls
 c - 8 scrolls of identify
 i - 3 scrolls of amnesia
 l - 3 scrolls of noise {unknown}
 n - a scroll of poison
 s - a scroll of summoning {unknown}
 x - a scroll of butterflies {unknown}
 y - a scroll of enchant armour
Potions
 a - a potion of magic
 b - 6 potions of heal wounds {unknown}
 f - 3 potions of curing {unknown}
 j - 3 potions of might {unknown}
 k - a potion of degeneration {unknown}
 o - a potion of ambrosia {unknown}
 p - a potion of lignification {unknown}
 q - a potion of brilliance {unknown}
 r - a potion of mutation {unknown}
 t - 3 potions of haste
 u - a potion of attraction {unknown}
 v - a potion of flight {unknown}
 z - a potion of cancellation {unknown}
 A - a potion of berserk rage


   Skills:
 + Level 0.7 Fighting
 * Level 4.9 Dodging
 * Level 4.5 Stealth
 * Level 7.8 Spellcasting
 - Level 1.0 Hexes
 * Level 9.5 Summonings
 * Level 3.1 Invocations
 * Level 2.5 Evocations


You had 14 spell levels left.
You knew the following spells:

 Your Spells              Type           Power      Damage    Failure   Level
a - Summon Small Mammal   Summ           100%       N/A       1%          1
b - Call Imp              Summ           45%        N/A       1%          2
c - Call Canine Familiar  Summ           45%        N/A       1%          3
d - Summon Guardian Gole  Hex/Summ       28%        N/A       3%          3

Your spell library contained the following spells:

 Spells                   Type           Power      Damage    Failure   Level
 Summon Ice Beast         Ice/Summ       26%        N/A       12%         4
 Summon Lightning Spire   Summ/Air       26%        N/A       12%         4
 Sublimation of Blood     Necr           7%         N/A       13%         2
 Wereblood                Tmut           7%         N/A       13%         2
 Conjure Flame            Conj/Fire      7%         6-21      26%         3
 Frozen Ramparts          Ice            14%        1d3       26%         3
 Ignite Poison            Fire/Tmut/Pois 7%         N/A       26%         3
 Ice Form                 Ice/Tmut       7%         N/A       65%         4
 Sticky Flame             Conj/Fire      7%         2d3       65%         4
 Summon Hydra             Summ           22%        N/A       83%         7


Dungeon Overview and Level Annotations

Branches:
Dungeon (8/15)             Temple (1/1) D:5         Ossuary (visited)
   Lair: D:8-11

Altars:
Ashenzari
Cheibriados
Dithmenos
Elyvilon
Fedhas
Gozag
Hepliaklqana
Kikubaaqudgha
Makhleb
Nemelex Xobeh
Okawaru
Qazlal
Ru
Trog
Uskayaw
Vehumet
Wu Jian
Xom
Yredelemnul
Zin

Shops:
D:4 *   D:6 !


Innate Abilities, Weirdness & Mutations

You can breathe blasts of scalding, opaque steam.
Your pale cyan-grey scales are hard. (AC +7)
You cannot fit into any form of body armour.
You are cold-blooded and may be slowed by cold attacks.
You are immune to the effects of steam.


Message History

The hornet closely misses you.
Your wolf barely misses the hornet.
You hit the hornet but do no damage.
Your tail-slap misses the hornet.
The hornet is moderately wounded.
The hornet stings you!
You feel yourself slow down.
Your wolf bites the hornet.
The hornet stings you.
You feel as though you will be slow longer.
You hit the hornet but do no damage.
Your tail-slap misses the hornet.
The hornet is heavily wounded.
Your wolf bites the hornet.
Your wolf barely misses the hornet.
The hornet closely misses your wolf.
Your wolf bites the hornet.
The hornet misses your wolf.
You hit the hornet but do no damage. You tail-slap the hornet.
The hornet is severely wounded.
Your wolf bites the hornet!
The hornet stings your wolf!
Your wolf is poisoned.
Your wolf seems to slow down.
Your wolf bites the hornet.
The hornet closely misses your wolf.
Your wolf misses the hornet. You hit the hornet but do no damage.
The hornet is almost dead.
Your wolf is no longer moving slowly.
The hornet stings you.
You are poisoned.
You suddenly lose the ability to move!
Your wolf bites the hornet but does no damage.
The hornet stings you!
You are more poisoned.
You shrug off the repeated paralysis!
You feel very sick.
Your wolf closely misses the hornet.
The hornet stings you!
You are lethally poisoned!
You feel as though you will be slow longer.
Your wolf completely misses the hornet.
The hornet stings you.
* * * LOW HITPOINT WARNING * * *
You feel as though you will be slow longer.
* * * LOW HITPOINT WARNING * * *
You feel very sick.
Your wolf dies!
Your wolf's corpse disappears in a puff of smoke!
The hornet stings you!
You die...

### ###...
####......
###.(.......
#...........
##.<.........
#............
##...@y§.....
#....?......
#.......=...
##..........
#........./
##.........
###...$...
##.....


You could see a hornet.

Vanquished Creatures
  An elf zombie (D:4)
  2 elf skeletons (D:4)
  2 jellies
  A hound (D:4)
  A mummy (Ossuary)
  A gnoll (D:7)
  A worm (D:3)
  A dart slug (D:2)
  An orc (D:3)
  5 bats
  An endoplasm (D:2)
  3 giant cockroaches
  2 hobgoblins (D:1)
  A quokka (D:4)
  2 ball pythons (D:3)
  5 goblins
  4 kobolds
  6 rats
40 creatures vanquished.

Vanquished Creatures (collateral kills)
  Sigmund (D:3)
  A steam dragon (D:7)
  2 sky beasts (D:7)
  2 ice beasts
  An ogre (D:4)
  A centaur (D:7)
  A phantom (D:6)
  3 kobold brigands
  2 elf zombies (D:4)
  2 necrophages (D:6)
  A bullfrog (D:6)
  5 scorpions
  3 water moccasin zombies (Ossuary)
  A killer bee (D:7)
  2 human zombies (D:4)
  A gnoll bouda (D:7)
  4 hounds
  2 human skeletons (D:4)
  An orc wizard (D:4)
  4 iguanas
  A mummy (Ossuary)
  8 gnolls
  7 adders
  2 shadow imps
  2 white imps (D:7)
  5 adder zombies (Ossuary)
  2 worms
  A dart slug (D:3)
  9 orcs
  6 endoplasms
  4 giant cockroaches
  5 gnoll zombies (Ossuary)
  5 goblins
  A hobgoblin (D:3)
  2 jackals (D:3)
  20 kobolds
  A quokka (D:4)
  3 ball pythons
  3 bats
  A frilled lizard (D:1)
  4 hobgoblin zombies (Ossuary)
  5 kobold zombies (Ossuary)
  An orc skeleton (D:4)
  4 orc zombies
  3 rats
145 creatures vanquished.

Vanquished Creatures (others)
  A hornet (D:7)
  A steam dragon (D:7)
  A water moccasin (D:6)
  An ice beast (D:5)
  A phantom (D:6)
  A gnoll sergeant (D:5)
  A scorpion (D:5)
  2 killer bees (D:7)
  An electric eel (D:6)
  A gnoll (D:5)
  An adder (D:6)
  An orc (D:5)
  6 plants (D:6)
19 creatures vanquished.

Grand Total: 204 creatures vanquished

Notes
Turn   | Place    | Note
-------+----------+-------------------------------------------
     0 | D:1      | 12sPaWn12 the Draconian Summoner began the quest for the
                  | Orb.
     0 | D:1      | Reached XP level 1. HP: 14/14 MP: 3/3
   463 | D:1      | Reached XP level 2. HP: 12/20 MP: 3/5
   695 | D:1      | Found a faded altar of an unknown god.
  1548 | D:2      | Learned a level 2 spell: Call Imp
  1691 | D:2      | Reached XP level 3. HP: 9/26 MP: 3/6
  2019 | D:2      | Reached XP level 4. HP: 24/33 MP: 3/7
  2323 | D:2      | Identified the +4 leather armour of Lugonu's Grace {Str+4}
  3646 | D:3      | Noticed Sigmund
  4374 | D:3      | Killed Sigmund
  4375 | D:3      | Reached skill level 5 in Summonings
  4375 | D:3      | Reached XP level 5. HP: 14/39 MP: 8/10
  4375 | D:3      | Reached XP level 6. HP: 17/46 MP: 8/11
  4811 | D:4      | Learned a level 3 spell: Call Canine Familiar
  5244 | D:4      | Found an opulent altar of Gozag.
  5452 | D:4      | Reached skill level 6 in Summonings
  5457 | D:4      | Found a sand-covered staircase.
  5480 | D:4      | Your scales start taking on a pale cyan-grey colour.
  5480 | D:4      | Reached XP level 7. HP: 20/51 MP: 4/13
  5480 | D:4      | Gained mutation: You are immune to the effects of steam.
                  | [Pale Draconian growth]
  5498 | Ossuary  | Entered an ossuary
  5998 | D:4      | Reached skill level 5 in Spellcasting
  6090 | D:4      | Reached skill level 7 in Summonings
  6090 | D:4      | Reached XP level 8. HP: 33/58 MP: 1/16
  6900 | D:4      | Found Xuqiosic's Assorted Antiques.
  7040 | D:5      | Entered Level 5 of the Dungeon
  7164 | D:5      | Learned a level 3 spell: Summon Guardian Golem
  7200 | D:5      | Found a staircase to the Ecumenical Temple.
  7380 | Temple   | Entered the Ecumenical Temple
  7588 | Temple   | Became a worshipper of Dithmenos the Shadowed
  7611 | D:5      | Found a snail-covered altar of Cheibriados.
  7674 | D:5      | Found a hide-covered altar of Uskayaw.
  7930 | D:5      | Reached skill level 1 in Evocations
  8341 | D:6      | Reached skill level 8 in Summonings
  8501 | D:6      | Reached XP level 9. HP: 63/63 MP: 15/18
  8835 | D:6      | Reached skill level 1 in Invocations
  9044 | D:6      | Reached * piety under Dithmenos
  9372 | D:6      | Found Zogu Mionku's Distillery.
 10298 | D:7      | Reached skill level 9 in Summonings
 10315 | D:7      | Reached skill level 1 in Hexes
 11062 | D:7      | Reached ** piety under Dithmenos
 11484 | D:8      | Paralysed by a hornet for 3 turns
 11486 | D:8      | Slain by a hornet

Illustrated notes

Levels and vault maps discovered:
D:1:      minmay_arrival_three_doors, layout_loops_corners,
          ebering_ecumenical_altar_ruins, chequers_arboretum,
          minmay_curled_crystal, minmay_tree_intersection, minivault_4
D:2:      layout_basic
D:3:      minmay_recursive_quarters, layout_rooms, lemuel_flame_loot_1,
          uniq_sigmund
D:4:      layout_loops_cross, mainiacjoe_overflow_tiny_flanked,
          nicolae_ossuary_entry_catacombs, gup_sewer_entry_bubbles,
          serial_shops, shop_fountains, chequers_serial_rivers_micro_b
D:5:      layout_basic, cheibriados_altar_1, nicolae_uskayaw_suspiria,
          minmay_temple_entry_large_hall
D:6:      layout_basic, serial_shops, shop, chequers_serial_rivers_room_a,
          chequers_big_river
D:7:      layout_basic, water_boxes_lemuel
D:8:      layout_cave_pods, amcnicky_altar_gilded, minmay_lair_entry_grove
Temple:   bh_familiar_temple

Skill      XL: |  1  2  3  4  5  6  7  8  9 |
---------------+----------------------------+-----
Dodging        | 2 3 4 |  4.9
Stealth        | 2 3 4 |  4.5
Spellcasting   | 3 4 5 6 7 |  7.8
Summonings     | 5 6 7 8 9 |  9.5
Evocations     | 1 2 |  2.5
Invocations    | 3 |  3.1
Hexes          | 1 |  1.0
Fighting       | |  0.7

Action                   |  1- 3 |  4- 6 |  7- 9 || total
-------------------------+-------+-------+-------++-------
Melee: Unarmed           |   151 |    97 |   185 ||   433
       Tailslap          |    17 |    13 |    42 ||    72
       Punch             |     1 |       |     1 ||     2
 Cast: Summon Small Mamm |    11 |    31 |    33 ||    75
       Call Imp          |     6 |    20 |    13 ||    39
       Call Canine Famil |       |    13 |    50 ||    63
       Summon Guardian G |       |       |    21 ||    21
  Use: Scroll            |       |     9 |       ||     9
       Potion            |       |     1 |     1 ||     2
 Stab: Sleeping          |     2 |       |     1 ||     3
       Distracted        |       |       |     1 ||     1
Armor: Skin              |    79 |    34 |    53 ||   166
Dodge: Dodged            |   135 |    99 |   190 ||   424
